 Dungeon Crawl Stone Soup version 0.28.0-53-g5a82cb258f (webtiles) character file.

Game seed: 14236036472657719782

133 Cryoshakespeare the Changer (level 5, 0/48 HPs)
             Began as an Ogre Transmuter on June 3, 2022.
             Succumbed to a kobold brigand's poison
             ... on level 3 of the Dungeon.
             The game lasted 00:09:49 (3225 turns).

Cryoshakespeare the Changer (Ogre Transmuter)       Turns: 3225, Time: 00:09:50

Health: 0/48       AC:  3    Str: 14    XL:     5   Next: 16%
Magic:  5/8        EV:  9    Int: 16    God:
Gold:   124        SH:  0    Dex:  9    Spells: 4/8 levels left

rFire   . . .      SeeInvis .     - Unarmed
rCold   . . .      Faith    .   (no shield)
rNeg    . . .      Spirit   .   a - +0 robe
rPois   .          Reflect  .   (helmet restricted)
rElec   .          Harm     .   (no cloak)
rCorr   .          Rampage  .   (gloves unavailable)
Will    .....                   (boots unavailable)
Stlth   +.........              (no amulet)
HPRegen 0.16/turn               (no ring)
MPRegen 0.11/turn               (no ring)

@: mighty, lethally poisoned (0 -> -10), flying
A: large, unfitting armour, tough skin 1
a: no special abilities


You were on level 3 of the Dungeon.
You visited 1 branch of the dungeon, and saw 3 of its levels.

You collected 124 gold pieces.

Inventory:

Armour
 a - a +0 robe (worn)
Jewellery
 e - an amulet of guardian spirit
Scrolls
 b - 2 scrolls of identify {unknown}
 d - 2 scrolls of acquirement {unknown}
 f - a scroll of blinking {unknown}
 g - a scroll of immolation {unknown}
 i - a scroll of vulnerability {unknown}


   Skills:
 - Level 1.3 Fighting
 - Level 1.7 Dodging
 - Level 2.7 Unarmed Combat
 - Level 2.4 Spellcasting
 + Level 4.7 Transmutations


You had 4 spell levels left.
You knew the following spells:

 Your Spells              Type           Power      Damage    Failure   Level
a - Beastly Appendage     Tmut           34%        N/A       3%          1
b - Spider Form           Tmut/Pois      9%         N/A       22%         3

Your spell library contained the following spells:

 Spells                   Type           Power      Damage    Failure   Level
 Wereblood                Tmut           17%        N/A       4%          2
 Blink                    Tloc           2%         N/A       30%         2
 Ice Form                 Ice/Tmut       9%         N/A       58%         4
 Manifold Assault         Tloc           1%         N/A       99%         5
 Storm Form               Tmut/Air       4%         N/A       100%        7


Dungeon Overview and Level Annotations

Branches:
Dungeon (3/15)

Altars:

Shops:
D:2 =   D:3 (


Innate Abilities, Weirdness & Mutations

You are too large for most types of armour.
You have tough skin. (AC +1)


Message History

You hit the kobold brigand.
The kobold brigand is poisoned.
The kobold brigand is lightly wounded.
Your transformation has ended.
Your +0 robe unmelds from your body.
The kobold brigand hits you with a +0 dagger of venom.
You are poisoned.
You feel very sick.
The kobold brigand throws a poisoned dart.
The poisoned dart hits you!
You are more poisoned.
You feel very sick.
You feel very sick.
You feel sick.
The kobold brigand throws a poisoned dart.
The poisoned dart hits you.
You are more poisoned.
You feel very sick.
The kobold brigand throws a poisoned dart.
The poisoned dart hits you!
You are lethally poisoned!
* * * LOW HITPOINT WARNING * * *
You feel very sick.
Unknown command.
It was a potion of flight.
You feel very buoyant.
You fly up into the air.
* * * LOW HITPOINT WARNING * * *
You feel very sick.
It was a potion of might.
You feel very mighty all of a sudden.
* * * LOW HITPOINT WARNING * * *
You feel very sick.
* * * LOW HITPOINT WARNING * * *
You feel sick.
The kobold brigand throws a poisoned dart.
The poisoned dart hits you.
You are more poisoned.
* * * LOW HITPOINT WARNING * * *
You feel very sick.
You die...

#.# #.#
#.# #.#
#K# #.#
#.# #.#
#K# #.#
#.# #.#
#.###.#
#.##..#
#@##.##
#.#..#
#.#.##
#...#
#####


You could see a kobold brigand (poisoned) and a kobold.

Vanquished Creatures
  4 gnolls (D:3)
  4 adders
  2 dart slugs
  An endoplasm (D:1)
  3 giant cockroaches (D:1)
  8 hobgoblins
  3 quokkas
  4 ball pythons
  4 bats
  A frilled lizard (D:1)
  2 goblins
  16 kobolds
  6 rats
58 creatures vanquished.

Notes
Turn   | Place    | Note
-------+----------+-------------------------------------------
     0 | D:1      | Cryoshakespeare the Ogre Transmuter began the quest for the
                  | Orb.
     0 | D:1      | Reached XP level 1. HP: 19/19 MP: 3/3
    79 | D:1      | Reached skill level 2 in Transmutations
   212 | D:1      | Reached XP level 2. HP: 25/27 MP: 5/5
   861 | D:1      | Reached skill level 3 in Transmutations
   972 | D:2      | Found a faded altar of an unknown god.
   981 | D:2      | Reached XP level 3. HP: 25/33 MP: 4/6
  1057 | D:1      | Learned a level 3 spell: Spider Form
  1746 | D:2      | Found Uryth's One-of-a-Kind Rings.
  1945 | D:2      | Reached XP level 4. HP: 38/41 MP: 3/7
  2370 | D:3      | Found Itoj's Weapon Boutique.
  2607 | D:3      | Reached skill level 4 in Transmutations
  2728 | D:3      | Reached XP level 5. HP: 27/48 MP: 4/8
  3164 | D:3      | Noticed a kobold brigand
  3224 | D:3      | HP: 2/48 [poisoned by a kobold brigand]
  3225 | D:3      | Succumbed to a kobold brigand's poison

Illustrated notes

Levels and vault maps discovered:
D:1:      lemuel_arrival_river_ford, layout_loops_ring, st_stairs_9
D:2:      layout_loops_ring, ebering_ecumenical_altar_webs,
          nicolae_shop_unique_rings
D:3:      cheibrodos_thug_alley, layout_basic, serial_shops, shop

Skill      XL: |  1  2  3  4 |
---------------+-------------+-----
Transmutations | 2 3 4 |  4.7
Fighting       | |  1.3
Dodging        | |  1.7
Unarmed Combat | |  2.7
Spellcasting   | |  2.4

Action                   |  1- 3 |  4- 6 || total
-------------------------+-------+-------++-------
Melee: Unarmed           |   132 |    80 ||   212
       Kick              |     6 |       ||     6
       Headbutt          |     4 |       ||     4
       Punch             |     3 |     1 ||     4
 Cast: Beastly Appendage |     6 |       ||     6
       Spider Form       |     3 |     6 ||     9
  Use: Potion            |       |     2 ||     2
Armor: Robe              |    44 |     9 ||    53
       Skin              |     1 |     1 ||     2
Dodge: Dodged            |    73 |    56 ||   129
